AoeStats
← 逍遥场口

Nomad

508437956Analyzed
3v3 RM · 11d ago on Sep 22, 2026· 52m 17s· 6 players
Game mode
Random Map
Map size
210×210
Population
200
Speed
Normal
Resources
Standard
Victory
Conquest
Starting age
Dark Age
Ending age
Imperial Age
RankedLock teamsTeams togetherTeam positionsShared explorationLock speedFull tech treeHidden civsTurbo modeCheats
Victory
Defeat
🇨🇳 Persians · China
1456
+13
🇨🇳 Magyars · China
1397
+15
🇨🇳 Britons · China
1311
+18
🇹🇼 Persians · Taiwan
1397
-16
🇹🇼 Spanish · Taiwan
1384
-16
1340
-14
第三屆打手槍冠軍
5:15 Loom
13:31 Feudal Age
17:43 Castle Age
15:32 Double-Bit Axe
15:48 Horse Collar
16:06 Gold Mining
16:50 Fletching
18:13 Crossbowman
20:17 Padded Archer Armor
20:13 Bodkin Arrow
28:17 Town Watch
34:42 Horse Collar
35:05 Fishing Lines
36:20 Wheelbarrow
36:25 Leather Archer Armor
40:49 Gold Shaft Mining
39:44 Pikeman
41:55 Hand Cart
46:13 Imperial Age
44:25 Squires
46:14 Scale Mail Armor
46:24 Forging
47:09 Bow Saw
46:39 Halberdier
47:41 Chain Mail Armor
49:22 Heavy Plow
49:51 Thumb Ring
50:43 Iron Casting
51:08 Arbalester
jimxhunter
10:00 Loom
12:47 Feudal Age
18:32 Castle Age
22:19 Husbandry
24:00 Double-Bit Axe
28:32 Bow Saw
35:14 Imperial Age
34:30 Stone Mining
34:22 Horse Collar
34:50 Town Watch
39:23 Scale Barding Armor
40:46 Chain Barding Armor
41:55 Elite Skirmisher
45:02 Inquisition
47:13 Fletching
47:47 Light Cavalry
48:39 Bloodlines
49:32 Forging
曾大黑
12:12 Feudal Age
16:26 Castle Age
14:52 Double-Bit Axe
15:53 Forging
17:03 Medium Warships
17:08 Bow Saw
20:39 Wheelbarrow
21:55 Loom
22:44 Fishing Lines
26:00 Horse Collar
26:19 Gillnets
30:34 Imperial Age
29:02 Hand Cart
29:49 Iron Casting
29:21 Scale Barding Armor
29:29 Bloodlines
29:19 Husbandry
30:39 Chain Barding Armor
30:29 Cavalier
32:33 Plate Barding Armor
32:41 Gold Mining
33:56 Iron Casting
34:26 Savar
35:28 Stone Mining
36:14 Gold Shaft Mining
37:20 Blast Furnace
39:51 Stone Shaft Mining
42:31 Two-Man Saw
44:32 Conscription
45:05 Town Watch
45:22 Scale Mail Armor
45:22 Pikeman
46:03 Squires
46:55 Halberdier
47:22 Gambesons
47:54 Chain Mail Armor
49:14 Plate Mail Armor
50:19 Arson
51:03 Masonry
逍遥场口
5:51 Loom
14:12 Feudal Age
18:00 Castle Age
16:28 Double-Bit Axe
16:26 Horse Collar
17:08 Fletching
19:08 Bow Saw
20:09 Bodkin Arrow
22:51 Padded Archer Armor
24:39 Ballistics
25:53 Leather Archer Armor
29:15 Wheelbarrow
28:57 Fishing Lines
31:14 Hand Cart
34:06 Imperial Age
31:47 Scale Barding Armor
32:51 Chain Barding Armor
34:33 Bloodlines
34:08 Cavalier
35:26 Plate Barding Armor
35:37 Paladin
38:57 Heavy Plow
43:29 Husbandry
44:27 Conscription
47:03 Town Watch
48:16 Elite Skirmisher
49:34 Bracer
只会种田
4:57 Loom
13:18 Feudal Age
16:57 Castle Age
14:57 Double-Bit Axe
15:36 Fishing Lines
16:39 Horse Collar
16:52 Gold Mining
17:50 Medium Warships
21:44 Gillnets
29:52 Scale Barding Armor
31:18 Bloodlines
33:05 Wheelbarrow
32:57 Bow Saw
xcfotrp131
4:53 Loom
13:56 Feudal Age
18:22 Castle Age
16:31 Fishing Lines
17:21 Double-Bit Axe
17:43 Horse Collar
18:04 Fletching
19:32 Bodkin Arrow
20:36 Padded Archer Armor
38:58 Imperial Age
36:50 Leather Archer Armor
37:47 Ballistics
39:23 Wheelbarrow
39:04 Gold Mining
40:53 Bracer
43:03 Chemistry
43:12 Ring Archer Armor
42:49 Pikeman
43:29 Squires
43:34 Scale Mail Armor
43:44 Forging
43:12 Elite Longbowman
44:36 Halberdier
47:27 Chain Mail Armor
48:21 Bow Saw
49:04 Plate Mail Armor
50:36 Iron Casting
52:30 Blast Furnace
53:17 Gold Shaft Mining
Connection lost

Rejoining the realm…

Still unreachable

The connection could not be restored.

Session expired

The server has moved on; the page needs a fresh start.